[ AOE2 MATCH · #504908149 ]
UnrankedHindustanis vs Lithuanians
Rival team · LOSS
[ REPLAY ANALYSIS · EXTRACTED FROM THE RECORDED GAME ]
Feudal
14:02
Castle
25:20
Imperial
39:28
| APM avg | 54.8 |
| APM peak | 126 |
| eAPM avg | 25.8 |
| Villagers / military | 80 / 81 |
Focus
⚔️ 37.9% · 🌾 62.1%
Camel Scout ×40 · Skirmisher ×20 · Militia ×9 · Monk ×5 · Spearman ×5 · Scout Cavalry ×2
Feudal
8:27
Castle
22:37
Imperial
—
| APM avg | 51.0 |
| APM peak | 83 |
| eAPM avg | 25.8 |
| Villagers / military | 90 / 75 |
Focus
⚔️ 33.1% · 🌾 66.9%
Spearman ×26 · Knight ×25 · Skirmisher ×8 · Archer ×6 · Scout Cavalry ×6 · Monk ×4
Match map
Initial resources + every placement click. Lines = walls · curves = elevation contours. ◆ gold · ⬟ stone · ● berries · ✦ relic · ◌ wall gap
Your base· ✓ Closed at 25:20 · 68t walls · 1 gate(s)
Yanez's base· ✓ Closed at 22:37 · 29t walls · no gate
Smoothed initial terrain · ◌ = detected wall gap · hover for details
Inputs per minute
— CORP_hector_sin_elo - - Yanez
Build order — CORP_hector_sin_elo
First 150 of 335 actions detected
| 0:00 | Create | Villager (Male) |
| 0:01 | Create | Villager (Male) |
| 0:01 | Create | Villager (Male) |
| 0:01 | Create | Villager (Male) |
| 0:02 | Build | House |
| 0:04 | Build | House |
| 0:59 | Create | Villager (Male) |
| 1:00 | Create | Villager (Male) |
| 1:40 | Create | Villager (Male) |
| 2:20 | Create | Villager (Male) |
| 2:20 | Create | Villager (Male) |
| 2:20 | Create | Villager (Male) |
| 2:49 | Create | Villager (Male) |
| 3:03 | Build | Barracks |
| 3:26 | Create | Villager (Male) |
| 3:26 | Create | Villager (Male) |
| 3:31 | Build | House |
| 3:43 | Create | Villager (Male) |
| 4:01 | Create | Villager (Male) |
| 4:12 | Create | Militia |
| 4:18 | Build | House |
| 4:33 | Create | Villager (Male) |
| 4:44 | Create | Militia |
| 5:02 | Create | Villager (Male) |
| 5:11 | Build | Lumber Camp |
| 5:15 | Create | Militia |
| 5:32 | Create | Villager (Male) |
| 5:35 | Create | Militia |
| 5:49 | Create | Villager (Male) |
| 6:16 | Create | Villager (Male) |
| 6:26 | Build | House |
| 6:30 | Create | Villager (Male) |
| 6:56 | Create | Militia |
| 7:09 | Build | House |
| 7:16 | Create | Villager (Male) |
| 7:36 | Build | Mill |
| 7:41 | Create | Villager (Male) |
| 7:53 | Build | Palisade Wall |
| 7:54 | Build | Palisade Wall |
| 7:54 | Build | Palisade Wall |
| 7:55 | Build | Palisade Wall |
| 7:56 | Build | Palisade Wall |
| 7:56 | Build | Palisade Wall |
| 7:57 | Build | Palisade Wall |
| 7:57 | Build | Palisade Wall |
| 7:58 | Build | Palisade Wall |
| 8:09 | Create | Villager (Male) |
| 8:20 | Build | Farm |
| 8:27 | Build | Palisade Wall |
| 8:28 | Build | Palisade Wall |
| 8:40 | Create | Villager (Male) |
| 8:59 | Build | Palisade Wall |
| 9:00 | Build | Palisade Wall |
| 9:05 | Build | Mining Camp |
| 9:09 | Create | Villager (Male) |
| 9:13 | Build | Farm |
| 9:16 | Build | Palisade Wall |
| 9:18 | Build | Palisade Wall |
| 9:26 | Build | Palisade Wall |
| 9:35 | Create | Villager (Male) |
| 9:39 | Build | Farm |
| 9:41 | Build | Farm |
| 9:46 | Build | Palisade Wall |
| 9:55 | Create | Villager (Male) |
| 10:01 | Build | House |
| 10:04 | Build | Palisade Wall |
| 10:05 | Build | Palisade Wall |
| 10:06 | Build | Palisade Wall |
| 10:08 | Build | Palisade Wall |
| 10:09 | Build | Palisade Wall |
| 10:19 | Create | Villager (Male) |
| 10:24 | Build | Farm |
| 10:28 | Build | Farm |
| 10:48 | Build | Palisade Wall |
| 10:52 | Research | Loom |
| 10:52 | Research | Loom |
| 11:07 | Build | Farm |
| 11:19 | Build | Mining Camp |
| 11:47 | Build | Palisade Wall |
| 11:48 | Build | Palisade Wall |
| 11:52 | Research | Feudal Age |
| 11:56 | Build | Palisade Wall |
| 11:58 | Build | Palisade Wall |
| 12:07 | Build | Palisade Wall |
| 12:16 | Build | Farm |
| 12:24 | Build | Palisade Wall |
| 12:25 | Build | Palisade Wall |
| 12:32 | Build | Palisade Wall |
| 12:38 | Build | Palisade Wall |
| 12:39 | Build | Palisade Wall |
| 12:40 | Build | Palisade Wall |
| 12:51 | Build | House |
| 12:53 | Build | Palisade Wall |
| 12:53 | Build | Palisade Wall |
| 12:57 | Build | House |
| 12:58 | Build | Palisade Wall |
| 13:04 | Build | Palisade Wall |
| 13:36 | Build | House |
| 13:43 | Create | Villager (Male) |
| 13:54 | Build | House |
| 14:02 | Build | Palisade Wall |
| 14:02 | Age | Feudal Age |
| 14:08 | Build | Palisade Wall |
| 14:10 | Build | Palisade Wall |
| 14:18 | Research | Man-at-Arms (upgrade) |
| 14:24 | Build | Archery Range |
| 14:35 | Create | Villager (Male) |
| 14:55 | Create | Villager (Male) |
| 14:58 | Research | Double-Bit Axe |
| 15:11 | Create | Spearman |
| 15:19 | Create | Skirmisher |
| 15:22 | Build | Farm |
| 15:23 | Create | Villager (Male) |
| 15:25 | Build | Palisade Wall |
| 15:28 | Build | Palisade Wall |
| 15:44 | Create | Villager (Male) |
| 15:45 | Create | Skirmisher |
| 15:50 | Build | Blacksmith |
| 16:09 | Create | Skirmisher |
| 16:32 | Create | Villager (Male) |
| 16:36 | Create | Skirmisher |
| 16:42 | Create | Villager (Male) |
| 16:44 | Build | Lumber Camp |
| 16:48 | Create | Skirmisher |
| 16:51 | Create | Villager (Male) |
| 17:10 | Create | Skirmisher |
| 17:16 | Create | Militia |
| 17:20 | Build | Farm |
| 17:27 | Create | Villager (Male) |
| 17:34 | Create | Skirmisher |
| 17:37 | Research | Fletching |
| 17:38 | Create | Villager (Male) |
| 18:02 | Create | Villager (Male) |
| 18:02 | Create | Militia |
| 18:19 | Create | Militia |
| 18:20 | Create | Villager (Male) |
| 18:23 | Research | Padded Archer Armor |
| 18:28 | Build | Farm |
| 18:31 | Build | Farm |
| 18:32 | Build | Farm |
| 18:33 | Build | Farm |
| 18:46 | Create | Militia |
| 18:47 | Create | Villager (Male) |
| 18:50 | Build | Farm |
| 18:54 | Build | Farm |
| 19:07 | Research | Scale Mail Armor |
| 19:08 | Create | Villager (Male) |
| 19:10 | Build | Farm |
| 19:23 | Create | Skirmisher |
| 19:33 | Build | Palisade Gate |
Build order — Yanez
First 150 of 290 actions detected
| 0:01 | Create | Villager (Male) |
| 0:01 | Create | Villager (Male) |
| 0:01 | Create | Villager (Male) |
| 0:02 | Create | Villager (Male) |
| 0:02 | Build | House |
| 0:04 | Build | House |
| 0:52 | Create | Villager (Male) |
| 0:53 | Create | Villager (Male) |
| 0:53 | Create | Villager (Male) |
| 1:23 | Create | Villager (Male) |
| 1:46 | Build | Lumber Camp |
| 2:03 | Create | Villager (Male) |
| 2:03 | Create | Villager (Male) |
| 2:22 | Create | Villager (Male) |
| 3:24 | Create | Villager (Male) |
| 3:33 | Build | House |
| 3:46 | Create | Villager (Male) |
| 4:02 | Create | Villager (Male) |
| 4:45 | Create | Villager (Male) |
| 5:06 | Build | Mill |
| 5:16 | Create | Villager (Male) |
| 5:17 | Research | Loom |
| 5:23 | Build | Palisade Wall |
| 5:24 | Build | Palisade Wall |
| 5:48 | Build | Palisade Wall |
| 5:49 | Build | Palisade Wall |
| 5:51 | Build | Palisade Wall |
| 6:08 | Build | Palisade Wall |
| 6:17 | Research | Feudal Age |
| 7:04 | Build | Farm |
| 8:00 | Build | Barracks |
| 8:25 | Create | Villager (Male) |
| 8:27 | Age | Feudal Age |
| 8:56 | Create | Villager (Male) |
| 9:15 | Build | Stable |
| 9:18 | Create | Villager (Male) |
| 9:35 | Build | House |
| 9:56 | Build | Farm |
| 9:58 | Create | Scout Cavalry |
| 9:58 | Create | Scout Cavalry |
| 10:19 | Create | Scout Cavalry |
| 10:19 | Create | Scout Cavalry |
| 10:21 | Build | Farm |
| 10:29 | Research | Double-Bit Axe |
| 10:36 | Build | Farm |
| 10:44 | Create | Villager (Male) |
| 10:59 | Build | House |
| 11:25 | Build | Farm |
| 11:28 | Build | Farm |
| 11:37 | Build | House |
| 11:38 | Build | Palisade Wall |
| 11:56 | Create | Villager (Male) |
| 12:02 | Build | Palisade Wall |
| 12:06 | Create | Villager (Male) |
| 12:13 | Build | Farm |
| 12:13 | Build | Farm |
| 12:24 | Create | Villager (Male) |
| 12:51 | Build | Farm |
| 13:05 | Create | Villager (Male) |
| 13:26 | Create | Villager (Male) |
| 13:29 | Build | Blacksmith |
| 13:31 | Build | House |
| 13:34 | Build | Archery Range |
| 13:39 | Build | House |
| 13:42 | Create | Villager (Male) |
| 13:45 | Build | Farm |
| 14:12 | Create | Villager (Male) |
| 14:22 | Build | Farm |
| 14:30 | Build | Mining Camp |
| 14:45 | Create | Villager (Male) |
| 15:01 | Build | House |
| 15:03 | Build | Palisade Wall |
| 15:04 | Create | Archer |
| 15:09 | Build | Palisade Wall |
| 15:17 | Create | Villager (Male) |
| 15:25 | Build | Farm |
| 15:40 | Build | House |
| 15:45 | Create | Villager (Male) |
| 15:47 | Create | Archer |
| 15:58 | Build | House |
| 16:20 | Create | Villager (Male) |
| 16:22 | Create | Archer |
| 16:39 | Build | House |
| 16:41 | Build | Palisade Wall |
| 16:46 | Create | Archer |
| 16:47 | Create | Villager (Male) |
| 16:51 | Build | House |
| 16:53 | Build | Palisade Wall |
| 16:58 | Build | House |
| 17:03 | Build | House |
| 17:18 | Build | House |
| 17:26 | Create | Villager (Male) |
| 17:28 | Build | Farm |
| 17:30 | Create | Scout Cavalry |
| 17:35 | Build | Farm |
| 18:12 | Create | Villager (Male) |
| 18:13 | Create | Archer |
| 18:22 | Build | House |
| 18:27 | Build | House |
| 18:30 | Build | House |
| 18:33 | Build | House |
| 18:42 | Research | Wheelbarrow |
| 18:46 | Create | Archer |
| 18:54 | Create | Scout Cavalry |
| 19:10 | Build | House |
| 19:11 | Build | House |
| 19:24 | Build | House |
| 19:39 | Research | Castle Age |
| 19:49 | Build | Farm |
| 20:25 | Build | Lumber Camp |
| 20:49 | Build | Farm |
| 21:02 | Build | Watch Tower |
| 21:20 | Research | Bloodlines |
| 21:25 | Create | Villager (Male) |
| 21:48 | Build | Blacksmith |
| 22:11 | Create | Villager (Male) |
| 22:19 | Build | House |
| 22:21 | Build | House |
| 22:28 | Create | Villager (Male) |
| 22:31 | Research | Scale Barding Armor |
| 22:32 | Research | Fletching |
| 22:33 | Research | Forging |
| 22:37 | Age | Castle Age |
| 22:40 | Create | Knight |
| 22:41 | Create | Knight |
| 22:57 | Build | Farm |
| 22:58 | Build | Farm |
| 23:05 | Create | Knight |
| 23:15 | Create | Villager (Male) |
| 23:18 | Build | Farm |
| 23:29 | Create | Knight |
| 23:37 | Create | Villager (Male) |
| 23:38 | Create | Knight |
| 23:44 | Build | Stable |
| 23:52 | Build | Monastery |
| 24:31 | Create | Villager (Male) |
| 24:35 | Build | Farm |
| 24:37 | Create | Monk |
| 24:44 | Research | Husbandry |
| 25:22 | Create | Villager (Male) |
| 25:31 | Create | Monk |
| 25:43 | Build | Mining Camp |
| 25:45 | Create | Villager (Male) |
| 25:46 | Create | Knight |
| 25:47 | Create | Knight |
| 25:55 | Build | Farm |
| 25:55 | Build | Farm |
| 25:59 | Research | Bow Saw |
| 26:12 | Create | Knight |
| 26:27 | Create | Villager (Male) |
Match timeline
| 3:03 | CORP_hector_sin_elo · first_building Barracks |
| 5:23 | Yanez · wall_segment Palisade Wall x1 |
| 5:24 | Yanez · wall_segment Palisade Wall x1 |
| 5:48 | Yanez · wall_segment Palisade Wall x1 |
| 5:49 | Yanez · wall_segment Palisade Wall x1 |
| 5:51 | Yanez · wall_segment Palisade Wall x1 |
| 6:08 | Yanez · wall_segment Palisade Wall x1 |
| 7:53 | CORP_hector_sin_elo · wall_segment Palisade Wall x1 |
| 7:54 | CORP_hector_sin_elo · wall_segment Palisade Wall x1 |
| 7:54 | CORP_hector_sin_elo · wall_segment Palisade Wall x1 |
| 7:55 | CORP_hector_sin_elo · wall_segment Palisade Wall x3 |
| 7:56 | CORP_hector_sin_elo · wall_segment Palisade Wall x1 |
| 7:56 | CORP_hector_sin_elo · wall_segment Palisade Wall x1 |
| 7:57 | CORP_hector_sin_elo · wall_segment Palisade Wall x2 |
| 7:57 | CORP_hector_sin_elo · wall_segment Palisade Wall x1 |
| 7:58 | CORP_hector_sin_elo · wall_segment Palisade Wall x1 |
| 8:00 | Yanez · first_building Barracks |
| 8:27 | CORP_hector_sin_elo · wall_segment Palisade Wall x1 |
| 8:27 | Yanez · age_up feudal |
| 8:28 | CORP_hector_sin_elo · wall_segment Palisade Wall x4 |
| 8:59 | CORP_hector_sin_elo · wall_segment Palisade Wall x1 |
| 9:00 | CORP_hector_sin_elo · wall_segment Palisade Wall x1 |
| 9:15 | Yanez · first_building Stable |
| 9:16 | CORP_hector_sin_elo · wall_segment Palisade Wall x1 |
| 9:18 | CORP_hector_sin_elo · wall_segment Palisade Wall x5 |
| 9:26 | CORP_hector_sin_elo · wall_segment Palisade Wall x1 |
| 9:46 | CORP_hector_sin_elo · wall_segment Palisade Wall x8 |
| 10:04 | CORP_hector_sin_elo · wall_segment Palisade Wall x1 |
| 10:05 | CORP_hector_sin_elo · wall_segment Palisade Wall x1 |
| 10:06 | CORP_hector_sin_elo · wall_segment Palisade Wall x3 |
| 10:08 | CORP_hector_sin_elo · wall_segment Palisade Wall x1 |
| 10:09 | CORP_hector_sin_elo · wall_segment Palisade Wall x1 |
| 10:48 | CORP_hector_sin_elo · wall_segment Palisade Wall x1 |
| 11:38 | Yanez · wall_segment Palisade Wall x10 |
| 11:47 | CORP_hector_sin_elo · wall_segment Palisade Wall x1 |
| 11:48 | CORP_hector_sin_elo · wall_segment Palisade Wall x4 |
| 11:56 | CORP_hector_sin_elo · wall_segment Palisade Wall x1 |
| 11:58 | CORP_hector_sin_elo · wall_segment Palisade Wall x4 |
| 12:02 | Yanez · wall_segment Palisade Wall x1 |
| 12:07 | CORP_hector_sin_elo · wall_segment Palisade Wall x1 |
| 12:24 | CORP_hector_sin_elo · wall_segment Palisade Wall x1 |
| 12:25 | CORP_hector_sin_elo · wall_segment Palisade Wall x1 |
| 12:32 | CORP_hector_sin_elo · wall_segment Palisade Wall x2 |
| 12:38 | CORP_hector_sin_elo · wall_segment Palisade Wall x3 |
| 12:39 | CORP_hector_sin_elo · wall_segment Palisade Wall x1 |
| 12:40 | CORP_hector_sin_elo · wall_segment Palisade Wall x1 |
| 12:53 | CORP_hector_sin_elo · wall_segment Palisade Wall x1 |
| 12:53 | CORP_hector_sin_elo · wall_segment Palisade Wall x1 |
| 12:58 | CORP_hector_sin_elo · wall_segment Palisade Wall x1 |
| 13:04 | CORP_hector_sin_elo · wall_segment Palisade Wall x1 |
| 13:34 | Yanez · first_building Archery Range |
| 14:02 | CORP_hector_sin_elo · wall_segment Palisade Wall x1 |
| 14:02 | CORP_hector_sin_elo · age_up feudal |
| 14:08 | CORP_hector_sin_elo · wall_segment Palisade Wall x1 |
| 14:10 | CORP_hector_sin_elo · wall_segment Palisade Wall x1 |
| 14:24 | CORP_hector_sin_elo · first_building Archery Range |
| 15:03 | Yanez · wall_segment Palisade Wall x6 |
| 15:09 | Yanez · wall_segment Palisade Wall x1 |
| 15:25 | CORP_hector_sin_elo · wall_segment Palisade Wall x1 |
| 15:28 | CORP_hector_sin_elo · wall_segment Palisade Wall x1 |
| 16:41 | Yanez · wall_segment Palisade Wall x1 |
| 16:53 | Yanez · wall_segment Palisade Wall x4 |
| 19:35 | CORP_hector_sin_elo · wall_segment Palisade Wall x2 |
| 19:36 | CORP_hector_sin_elo · wall_segment Palisade Wall x4 |
| 21:29 | CORP_hector_sin_elo · first_building Stable |
| 22:37 | Yanez · age_up castle |
| 23:52 | Yanez · first_building Monastery |
| 24:14 | CORP_hector_sin_elo · wall_segment Palisade Wall x1 |
| 25:20 | CORP_hector_sin_elo · age_up castle |
| 25:41 | CORP_hector_sin_elo · wall_segment Palisade Wall x1 |
| 26:14 | CORP_hector_sin_elo · first_building Monastery |
| 34:55 | CORP_hector_sin_elo · first_building Castle |
| 36:25 | Yanez · first_market_buy 100 food |
| 39:28 | CORP_hector_sin_elo · age_up imperial |
| 40:13 | Yanez · resign |
[ AI ANALYSIS · 1 CREDIT ]
What really happened in this match?
Wolo.gg analyzes every decision: build order, eco, micro, common mistakes by bracket. Personalized analysis on WhatsApp or Discord in 30 seconds.
Civ guide
Hindustanis
Perfil
Jugador #459775